General information
- name: BNet
- type: Ladder team game (AT/RT)
- host: Battle.net
- saver: GoId.
map: Deadlands
- players: 8
- length: 29:59
- speed: Fast
- version: 1.26 W3XP
- replay type: Public
» download(207 KB)
Players
team 1 (loser)
pulpy.cum (
pink | 109 APM | 2154 actions | 19:41)
3 Archmage
2 Summon Water Elemental
1 Brilliance Aura
2 Mountain King
1 Storm Bolt
1 Bash
1 Paladin
1 Holy Light
» actions
| Assign group hotkey | 31 | |
| Basic commands | 34 | |
| Build / train | 103 | |
| ESC pressed | 4 | |
| Enter build submenu | 44 | |
| Enter hero's abilities submenu | 6 | |
| Give item / drop item | 2 | |
| Right click | 1026 | |
| Select / deselect | 366 | |
| Select group hotkey | 397 | |
| Use ability | 141 | |
2154 total
» units
| Peasant | 22 | |
| Footman | 4 | |
| Spell Breaker | 3 | |
| Knight | 3 | |
| Siege Engine | 2 | |
| Flying Machine | 1 | |
| Priest | 1 | |
36 total
» upgrades
| Defend | 1 | |
| Masonry | 3 | |
| Lumber Harvesting | 2 | |
| Swords | 3 | |
| Plating | 2 | |
| Priest Training | 2 | |
| Magic Sentry | 1 | |
| Animal War Training | 1 | |
| Gunpowder | 2 | |
| Barrage | 1 | |
18 total
» buildings
| Altar of Kings | 1 | |
| Farm | 13 | |
| Barracks | 2 | |
| Arcane Vault | 2 | |
| Scout Tower | 18 | |
| Arcane Tower | 3 | |
| Lumber Mill | 1 | |
| Keep | 1 | |
| Town Hall | 1 | |
| Guard Tower | 15 | |
| Blacksmith | 1 | |
| Arcane Sanctum | 2 | |
| Castle | 2 | |
| Workshop | 2 | |
64 total
» build order
00:16 Altar of Kings
00:20 Farm
00:52 Barracks
00:58 Farm
01:47 Farm
01:56 Arcane Vault
02:28 Scout Tower
02:29 Scout Tower
02:31 Farm
02:57 Arcane Tower
03:02 Lumber Mill
03:36 Farm
04:10 Keep
04:33 Scout Tower
04:36 Scout Tower
04:52 Town Hall
05:10 Guard Tower
05:11 Arcane Tower
05:11 Arcane Tower
05:42 Scout Tower
05:44 Scout Tower
06:12 Guard Tower
06:13 Scout Tower
06:14 Guard Tower
06:33 Arcane Vault
06:43 Guard Tower
07:02 Blacksmith
07:45 Scout Tower
07:46 Farm
08:07 Scout Tower
08:09 Farm
08:16 Guard Tower
08:25 Guard Tower
08:28 Arcane Sanctum
09:14 Guard Tower
10:14 Castle
10:14 Castle
10:24 Arcane Sanctum
10:39 Workshop
11:19 Barracks
11:29 Workshop
12:14 Scout Tower
13:16 Guard Tower
13:18 Scout Tower
13:56 Guard Tower
14:00 Guard Tower
14:01 Scout Tower
14:07 Scout Tower
14:07 Scout Tower
14:10 Farm
14:12 Farm
14:13 Farm
14:25 Scout Tower
15:35 Guard Tower
16:52 Scout Tower
16:55 Guard Tower
16:57 Farm
16:58 Farm
16:59 Farm
18:08 Guard Tower
18:09 Scout Tower
18:38 Guard Tower
18:41 Scout Tower
19:14 Guard Tower
» items
| Scroll of Regeneration | 5 | |
| Ivory Tower | 3 | |
| Scroll of Town Portal | 3 | |
| Staff of Sanctuary | 1 | |
| Orb of Fire | 1 | |
| Potion of Lesser Invulnerability | 1 | |
| Periapt of Vitality | 1 | |
15 total
OSAMA-BIN-LADEN (
green | 52 APM | 1010 actions | 19:18)
4 Mountain King
2 Thunder Clap
2 Storm Bolt
» actions
| Assign group hotkey | 9 | |
| Basic commands | 56 | |
| Build / train | 86 | |
| ESC pressed | 3 | |
| Enter build submenu | 45 | |
| Enter hero's abilities submenu | 4 | |
| Right click | 320 | |
| Select / deselect | 281 | |
| Select group hotkey | 114 | |
| Use ability | 92 | |
1010 total
» units
| Peasant | 30 | |
| Siege Engine | 8 | |
| Flying Machine | 4 | |
42 total
» upgrades
| Masonry | 3 | |
| Gunpowder | 3 | |
| Plating | 3 | |
| Flak Cannons | 1 | |
10 total
» buildings
| Altar of Kings | 1 | |
| Farm | 10 | |
| Arcane Vault | 4 | |
| Town Hall | 2 | |
| Lumber Mill | 4 | |
| Keep | 2 | |
| Scout Tower | 14 | |
| Blacksmith | 1 | |
| Guard Tower | 15 | |
| Castle | 4 | |
| Workshop | 8 | |
65 total
» build order
00:09 Altar of Kings
00:15 Farm
00:40 Farm
00:54 Arcane Vault
01:36 Farm
03:32 Town Hall
03:37 Lumber Mill
03:39 Lumber Mill
04:45 Keep
04:47 Scout Tower
04:50 Scout Tower
05:01 Blacksmith
05:05 Farm
05:17 Guard Tower
05:23 Guard Tower
05:26 Scout Tower
05:30 Scout Tower
05:43 Lumber Mill
05:50 Lumber Mill
05:56 Guard Tower
06:03 Guard Tower
06:05 Farm
07:07 Castle
07:07 Castle
07:07 Castle
07:48 Workshop
07:51 Workshop
07:55 Workshop
08:02 Workshop
08:04 Workshop
08:09 Workshop
08:13 Workshop
08:17 Workshop
09:40 Farm
09:42 Farm
09:45 Farm
11:08 Farm
11:09 Farm
13:30 Guard Tower
13:33 Guard Tower
14:04 Guard Tower
15:30 Town Hall
15:34 Scout Tower
15:36 Scout Tower
15:56 Guard Tower
15:57 Guard Tower
15:59 Scout Tower
16:00 Scout Tower
16:11 Scout Tower
16:16 Scout Tower
16:27 Guard Tower
16:30 Scout Tower
16:39 Guard Tower
16:40 Scout Tower
16:44 Guard Tower
16:45 Scout Tower
16:58 Guard Tower
17:02 Arcane Vault
17:06 Guard Tower
17:08 Arcane Vault
17:17 Guard Tower
17:26 Arcane Vault
17:46 Scout Tower
» items
| Scroll of Regeneration | 2 | |
| Lesser Clarity Potion | 2 | |
| Ivory Tower | 4 | |
8 total
AlleyOop (
purple | 49 APM | 1482 actions | 29:58)
9 Archmage
3 Summon Water Elemental
3 Brilliance Aura
1 Mass Teleport
2 Blizzard
» actions
| Assign group hotkey | 42 | |
| Basic commands | 46 | |
| Build / train | 97 | |
| Enter build submenu | 57 | |
| Enter hero's abilities submenu | 9 | |
| Give item / drop item | 5 | |
| Remove unit from queue | 1 | |
| Right click | 557 | |
| Select / deselect | 362 | |
| Select group hotkey | 159 | |
| Use ability | 147 | |
1482 total
» units
| Peasant | 12 | |
| Footman | 4 | |
| Goblin Shredder | 2 | |
| Gryphon Rider | 7 | |
| Dragonhawk Rider | 1 | |
| Gargoyle | 8 | |
| Siege Engine | 3 | |
37 total
» upgrades
| Masonry | 3 | |
| Swords | 3 | |
| Armor | 3 | |
| Animal War Training | 1 | |
| Storm Hammers | 1 | |
| Cloud | 1 | |
| Barrage | 1 | |
13 total
» buildings
| Altar of Kings | 1 | |
| Barracks | 1 | |
| Farm | 11 | |
| Scout Tower | 36 | |
| Arcane Tower | 1 | |
| Arcane Vault | 2 | |
| Keep | 1 | |
| Town Hall | 1 | |
| Lumber Mill | 1 | |
| Guard Tower | 8 | |
| Castle | 1 | |
| Gryphon Aviary | 4 | |
| Blacksmith | 2 | |
| Ziggurat | 9 | |
79 total
» build order
00:47 Altar of Kings
00:50 Barracks
00:52 Farm
00:54 Farm
01:06 Farm
01:37 Farm
02:26 Scout Tower
03:09 Arcane Tower
03:12 Arcane Vault
04:05 Keep
04:27 Town Hall
04:30 Scout Tower
04:31 Scout Tower
04:32 Scout Tower
04:32 Scout Tower
04:36 Lumber Mill
05:43 Guard Tower
06:03 Guard Tower
06:07 Guard Tower
07:14 Castle
07:28 Guard Tower
08:25 Gryphon Aviary
08:26 Gryphon Aviary
09:51 Scout Tower
09:52 Scout Tower
09:55 Scout Tower
10:01 Scout Tower
10:04 Scout Tower
10:11 Gryphon Aviary
10:13 Gryphon Aviary
10:15 Blacksmith
10:18 Blacksmith
11:05 Farm
11:11 Guard Tower
13:00 Scout Tower
13:01 Scout Tower
13:01 Scout Tower
13:04 Scout Tower
13:06 Scout Tower
13:07 Scout Tower
13:08 Scout Tower
13:08 Scout Tower
13:10 Scout Tower
13:12 Scout Tower
13:13 Scout Tower
13:16 Scout Tower
15:04 Arcane Vault
15:22 Guard Tower
18:26 Scout Tower
18:28 Scout Tower
18:31 Scout Tower
18:33 Scout Tower
18:34 Scout Tower
18:38 Scout Tower
18:39 Scout Tower
18:40 Scout Tower
18:42 Scout Tower
18:44 Scout Tower
18:44 Scout Tower
18:46 Scout Tower
18:47 Scout Tower
18:48 Scout Tower
19:36 Guard Tower
20:26 Guard Tower
20:27 Farm
20:28 Farm
20:28 Farm
20:28 Farm
20:31 Farm
20:34 Farm
20:43 Ziggurat
20:45 Ziggurat
20:45 Ziggurat
21:06 Ziggurat
21:06 Ziggurat
21:07 Ziggurat
21:08 Ziggurat
21:08 Ziggurat
» items
| Scroll of Regeneration | 8 | |
| Mechanical Critter | 6 | |
| Lesser Clarity Potion | 1 | |
| Scroll of Town Portal | 6 | |
| Staff of Teleportation | 1 | |
| Potion of Healing | 3 | |
25 total

»
ishot2pac (
blue | 47 APM | 890 actions | 18:47)
3 Death Knight
2 Death Coil
1 Unholy Aura
» actions
| Assign group hotkey | 16 | |
| Basic commands | 1 | |
| Build / train | 34 | |
| Enter build submenu | 16 | |
| Enter hero's abilities submenu | 3 | |
| Give item / drop item | 1 | |
| Right click | 337 | |
| Select / deselect | 135 | |
| Select group hotkey | 292 | |
| Use ability | 55 | |
890 total
» units
| Acolyte | 5 | |
| Ghoul | 2 | |
| Crypt Fiend | 7 | |
| Gargoyle | 1 | |
15 total
» upgrades
| Web | 1 | |
| Creature Attack | 2 | |
| Creature Carapace | 2 | |
5 total
» buildings
| Altar of Darkness | 1 | |
| Ziggurat | 11 | |
| Graveyard | 1 | |
| Crypt | 2 | |
| Tomb of Relics | 1 | |
| Spirit Tower | 4 | |
| Halls of the Dead | 1 | |
| Necropolis | 1 | |
22 total
» build order
00:31 Altar of Darkness
00:38 Ziggurat
00:45 Graveyard
01:19 Crypt
01:24 Tomb of Relics
02:11 Ziggurat
02:14 Spirit Tower
03:05 Spirit Tower
05:08 Halls of the Dead
07:14 Necropolis
07:22 Ziggurat
07:23 Ziggurat
08:53 Ziggurat
08:54 Ziggurat
09:03 Crypt
10:22 Spirit Tower
11:53 Ziggurat
11:55 Ziggurat
15:37 Ziggurat
15:41 Ziggurat
16:50 Spirit Tower
16:54 Ziggurat
» items
| Rod of Necromancy | 1 | |
| Dust of Appearance | 1 | |
| Sacrificial Skull | 1 | |
| Potion of Healing | 1 | |
| Potion of Mana | 1 | |
5 total
team 2 (winner)
BoardsOfCanada (
teal | 67 APM | 1713 actions | 25:29)
7 Paladin
3 Holy Light
3 Divine Shield
1 Resurrection
» actions
| Assign group hotkey | 76 | |
| Basic commands | 6 | |
| Build / train | 103 | |
| ESC pressed | 7 | |
| Enter build submenu | 36 | |
| Enter hero's abilities submenu | 7 | |
| Right click | 407 | |
| Select / deselect | 336 | |
| Select group hotkey | 638 | |
| Use ability | 96 | |
1713 total
» units
| Peasant | 17 | |
| Footman | 10 | |
| Knight | 13 | |
| Flying Machine | 14 | |
54 total
» upgrades
| Masonry | 3 | |
| Swords | 3 | |
| Plating | 2 | |
| Lumber Harvesting | 2 | |
| Animal War Training | 1 | |
| Flak Cannons | 1 | |
| Flying Machine Bombs | 1 | |
| Gunpowder | 2 | |
15 total
» buildings
| Altar of Kings | 1 | |
| Farm | 15 | |
| Barracks | 3 | |
| Scout Tower | 15 | |
| Arcane Tower | 2 | |
| Town Hall | 3 | |
| Lumber Mill | 2 | |
| Arcane Vault | 3 | |
| Guard Tower | 11 | |
| Keep | 1 | |
| Blacksmith | 2 | |
| Castle | 1 | |
| Workshop | 3 | |
62 total
» build order
00:08 Altar of Kings
00:11 Farm
00:30 Barracks
00:42 Farm
01:32 Farm
01:38 Scout Tower
02:16 Arcane Tower
03:44 Town Hall
03:49 Scout Tower
03:50 Scout Tower
03:50 Scout Tower
03:55 Lumber Mill
04:16 Arcane Vault
04:20 Arcane Tower
04:23 Scout Tower
04:24 Scout Tower
04:26 Scout Tower
04:38 Farm
04:39 Farm
05:05 Guard Tower
05:09 Guard Tower
05:37 Guard Tower
06:04 Barracks
06:30 Keep
06:40 Guard Tower
07:02 Blacksmith
07:46 Arcane Vault
08:54 Castle
10:27 Barracks
10:42 Guard Tower
10:44 Guard Tower
10:52 Guard Tower
11:09 Blacksmith
11:12 Farm
11:13 Farm
11:14 Farm
11:14 Farm
11:15 Farm
11:26 Scout Tower
11:27 Scout Tower
11:27 Scout Tower
11:28 Scout Tower
11:29 Scout Tower
11:30 Scout Tower
11:31 Scout Tower
11:31 Scout Tower
12:01 Guard Tower
13:19 Arcane Vault
13:24 Guard Tower
14:21 Guard Tower
15:16 Guard Tower
15:23 Lumber Mill
16:54 Workshop
16:55 Workshop
16:56 Workshop
18:03 Farm
18:04 Farm
18:05 Farm
18:45 Farm
18:46 Farm
24:04 Town Hall
24:54 Town Hall
» items
| Circlet of Nobility | 1 | |
| Scroll of Regeneration | 2 | |
| Lesser Clarity Potion | 2 | |
| Ivory Tower | 3 | |
| Orb of Fire | 1 | |
| Scroll of Town Portal | 1 | |
10 total
wasupretarded (
yellow | 54 APM | 1549 actions | 28:34)
3 Blademaster
1 Wind Walk
2 Critical Strike
1 Shadow Hunter
1 Serpent Ward
» actions
| Assign group hotkey | 11 | |
| Basic commands | 21 | |
| Build / train | 54 | |
| ESC pressed | 4 | |
| Enter build submenu | 17 | |
| Enter hero's abilities submenu | 4 | |
| Give item / drop item | 2 | |
| Remove unit from queue | 4 | |
| Right click | 805 | |
| Select / deselect | 200 | |
| Select group hotkey | 301 | |
| Use ability | 126 | |
1549 total
» units
| Peon | 8 | |
| Wind Rider | 1 | |
| Troll Batrider | 18 | |
27 total
» upgrades
| Ranged Weapons | 2 | |
| Liquid Fire | 1 | |
3 total
» buildings
| Altar of Storms | 3 | |
| Orc Burrow | 8 | |
| Voodoo Lounge | 1 | |
| War Mill | 1 | |
| Stronghold | 1 | |
| Beastiary | 2 | |
| Fortress | 1 | |
17 total
» build order
00:21 Altar of Storms
00:28 Orc Burrow
00:50 Voodoo Lounge
01:05 War Mill
02:24 Stronghold
02:39 Orc Burrow
03:35 Orc Burrow
03:38 Orc Burrow
05:11 Beastiary
05:18 Beastiary
05:32 Fortress
05:36 Orc Burrow
14:58 Altar of Storms
16:02 Altar of Storms
16:06 Orc Burrow
16:08 Orc Burrow
16:10 Orc Burrow
» items
| Healing Salve | 1 | |
| Lesser Clarity Potion | 6 | |
| Scroll of Speed | 1 | |
| Orb of Lightning | 1 | |
| Potion of Healing | 1 | |
| Potion of Mana | 1 | |
11 total

»
DatStankZ (
red | 42 APM | 1183 actions | 28:24)
6 Death Knight
3 Death Coil
2 Unholy Aura
1 Animate Dead
5 Naga Sea Witch
3 Frost Arrows
2 Forked Lightning
» actions
| Basic commands | 142 | |
| Build / train | 63 | |
| ESC pressed | 13 | |
| Enter build submenu | 32 | |
| Enter hero's abilities submenu | 11 | |
| Remove unit from queue | 1 | |
| Right click | 475 | |
| Select / deselect | 396 | |
| Use ability | 50 | |
1183 total
» units
| Acolyte | 16 | |
| Ghoul | 6 | |
| Crypt Fiend | 5 | |
| Frost Wyrm | 9 | |
36 total
» upgrades
| Web | 1 | |
| Creature Attack | 2 | |
| Creature Carapace | 2 | |
| Freezing Breath | 1 | |
6 total
» buildings
| Altar of Darkness | 1 | |
| Ziggurat | 10 | |
| Crypt | 1 | |
| Graveyard | 1 | |
| Tomb of Relics | 1 | |
| Halls of the Dead | 1 | |
| Sacrificial Pit | 1 | |
| Black Citadel | 1 | |
| Boneyard | 3 | |
20 total
» build order
00:08 Altar of Darkness
00:12 Ziggurat
00:42 Crypt
01:05 Ziggurat
01:27 Graveyard
01:47 Tomb of Relics
03:14 Halls of the Dead
03:45 Ziggurat
06:25 Sacrificial Pit
07:30 Ziggurat
08:30 Black Citadel
09:10 Ziggurat
10:24 Ziggurat
10:26 Ziggurat
10:57 Boneyard
11:44 Boneyard
12:53 Boneyard
12:59 Ziggurat
19:10 Ziggurat
23:35 Ziggurat
» items
| Rod of Necromancy | 1 | |
| Potion of Healing | 1 | |
| Orb of Corruption | 1 | |
| Scroll of Town Portal | 2 | |
5 total
GoId. (
orange | 89 APM | 2660 actions | 29:59)
7 Blademaster
3 Wind Walk
3 Critical Strike
1 Bladestorm
» actions
| Assign group hotkey | 129 | |
| Basic commands | 138 | |
| Build / train | 101 | |
| ESC pressed | 3 | |
| Enter build submenu | 55 | |
| Enter hero's abilities submenu | 7 | |
| Give item / drop item | 11 | |
| Right click | 1053 | |
| Select / deselect | 343 | |
| Select group hotkey | 655 | |
| Use ability | 165 | |
2660 total
» units
| Peon | 18 | |
| Grunt | 5 | |
| Goblin Shredder | 3 | |
| Goblin Zeppelin | 1 | |
| Raider | 3 | |
| Wind Rider | 8 | |
38 total
» upgrades
| Berserker Strength | 1 | |
| Pillage | 1 | |
| Armor | 3 | |
| Melee Weapons | 3 | |
| Ensnare | 1 | |
| Reinforced Defenses | 1 | |
| Envenomed Spears | 1 | |
| Ranged Weapons | 2 | |
13 total
» buildings
| Orc Burrow | 8 | |
| Altar of Storms | 1 | |
| Barracks | 1 | |
| Voodoo Lounge | 1 | |
| Stronghold | 3 | |
| War Mill | 1 | |
| Great Hall | 5 | |
| Watch Tower | 29 | |
| Fortress | 4 | |
| Beastiary | 3 | |
56 total
» build order
00:14 Orc Burrow
01:05 Altar of Storms
01:08 Barracks
01:13 Orc Burrow
02:20 Orc Burrow
03:29 Orc Burrow
04:12 Voodoo Lounge
04:35 Stronghold
04:35 Stronghold
06:19 War Mill
06:26 Great Hall
07:47 Watch Tower
07:54 Watch Tower
08:39 Watch Tower
08:42 Watch Tower
09:22 Fortress
09:22 Fortress
10:30 Beastiary
10:34 Beastiary
11:22 Watch Tower
11:23 Watch Tower
13:03 Great Hall
13:04 Watch Tower
13:06 Watch Tower
13:07 Great Hall
13:10 Watch Tower
14:16 Watch Tower
14:21 Watch Tower
14:29 Watch Tower
14:34 Watch Tower
16:21 Watch Tower
16:22 Watch Tower
16:24 Watch Tower
16:28 Watch Tower
16:29 Watch Tower
17:26 Watch Tower
17:27 Watch Tower
18:36 Great Hall
18:39 Watch Tower
18:41 Watch Tower
18:50 Watch Tower
18:51 Watch Tower
18:55 Watch Tower
18:58 Watch Tower
19:32 Beastiary
21:00 Orc Burrow
21:21 Orc Burrow
21:25 Orc Burrow
24:12 Orc Burrow
29:54 Great Hall
29:56 Watch Tower
29:57 Watch Tower
29:58 Watch Tower
» items
| Boots of Speed | 3 | |
| Periapt of Vitality | 3 | |
| Healing Salve | 5 | |
| Lesser Clarity Potion | 3 | |
| Potion of Mana | 1 | |
| Orb of Lightning | 1 | |
| Staff of Teleportation | 1 | |
17 total
Chat log
(00:11 / Allies) wasupretarded: doin bats
(00:15 / Allies) wasupretarded: and bm
(00:24 / Allies) DatStankZ: coo
(00:51 / Allies) DatStankZ: whats the plan?
(00:56 / Allies) GoId.: yeah
(01:02 / Allies) wasupretarded: im haras
(01:05 / Allies) BoardsOfCanada: cc obv.... since he doing bats....
(01:14 / Allies) wasupretarded: wat u want then?
(02:06 / Allies) BoardsOfCanada: fast
(02:08 / Allies) DatStankZ: ill fiend wyrm
(05:41 / Allies) DatStankZ: pink right there
(06:21 / Allies) BoardsOfCanada: clear for yellow
(06:27 / Allies) BoardsOfCanada: then expo hunt
(06:49 / Allies) DatStankZ: g
(07:46 / All) AlleyOop: I hate level 1 harassers
(07:50 / All) AlleyOop: annoying newbies
(08:40 / Allies) DatStankZ: wood
(10:01 / Allies) BoardsOfCanada: red wtf
(10:11 / Allies) BoardsOfCanada: ...
(10:12 / Allies) DatStankZ: chill out
(10:16 / Allies) GoId.: chill man
(10:19 / Allies) BoardsOfCanada: free unit kills and u run
(11:01 / Allies) BoardsOfCanada: wood please
(11:04 / Allies) BoardsOfCanada: like 1000
(11:05 / Allies) BoardsOfCanada: if u can
(13:30 / Allies) BoardsOfCanada: wood pls
(13:40 / Allies) DatStankZ: none
(13:46 / Allies) BoardsOfCanada: orange 2.5k pls
(13:50 / Allies) BoardsOfCanada: share
(14:03 / Allies) GoId.: the fuck do you need so much wood for going human ground?
(14:15 / Allies) BoardsOfCanada: upgrades
(15:11 / Allies) BoardsOfCanada: fyo
(15:14 / Allies) BoardsOfCanada: repair makes the buildings not die
(15:30 / Allies) DatStankZ: thx ididnt know
(15:35 / Allies) BoardsOfCanada: hth
(16:39 / Allies) BoardsOfCanada: wood please
(17:23 / Allies) wasupretarded: teal can i have some gold
(17:47 / Allies) BoardsOfCanada: orange man wood please....
(18:06 / Allies) BoardsOfCanada: ty
(18:23 / All) ishot2pac: gg
(18:31 / Allies) wasupretarded: gold plz
(18:42 / Allies) wasupretarded: ty
(19:04 / All) GoId.: wow
(19:06 / All) GoId.: why'd he leave
(19:11 / All) pulpy.cum: hes an idiot
(19:11 / All) AlleyOop: he dumb
(19:25 / All) AlleyOop: green was newbie too lol
(19:29 / All) pulpy.cum: so is he apparently
(19:45 / All) AlleyOop: LOL
(19:46 / All) AlleyOop: wtf
(20:17 / Allies) DatStankZ: where 2
(20:26 / Allies) GoId.: why did you steal my salbe
(20:27 / Allies) GoId.: salve
(20:27 / Allies) DatStankZ: oj?
(20:29 / Allies) GoId.: little bitch yellow
(20:30 / Allies) GoId.: wtf
(20:33 / Allies) GoId.: you stole my item
(20:34 / Allies) DatStankZ: lol
(20:40 / Allies) wasupretarded: a salve lol
(20:42 / Allies) GoId.: yeah
(20:45 / Allies) GoId.: what the fuck you fucking nigger
(20:52 / Allies) wasupretarded: rly?
(20:53 / Allies) BoardsOfCanada: oh jesus christ
(20:57 / Allies) BoardsOfCanada: fucking emo kids...
(21:03 / Allies) BoardsOfCanada: red lets finish
(21:26 / Allies) DatStankZ: teal u 2 good at this game
(21:27 / Allies) DatStankZ: u lil nerd
(21:34 / Allies) BoardsOfCanada: lol k
(21:37 / Allies) GoId.: not good enough to get his own wood
(21:39 / Allies) DatStankZ: thats a compliment
(21:43 / Allies) BoardsOfCanada: k
(21:49 / Allies) GoId.: or to win
(21:53 / Allies) DatStankZ: lol
(22:05 / Allies) DatStankZ: lol i played this game when it first came out
(22:06 / Allies) BoardsOfCanada: lol wow
(22:08 / Allies) wasupretarded: gold plz
(22:10 / Allies) GoId.: so did I
(22:11 / Allies) DatStankZ: still cant micro
(22:22 / Allies) GoId.: except I can
(22:26 / Allies) GoId.: how the hell can you not micro after so long
(22:46 / Allies) DatStankZ: ive played on and off
(23:41 / Allies) wasupretarded: gold pl
(23:57 / Allies) DatStankZ: im b
(24:12 / Allies) wasupretarded: why u kill ur alli
(24:18 / Allies) GoId.: you took my salvem otherfucker
(24:20 / Allies) BoardsOfCanada: emo
(24:27 / Allies) DatStankZ: we had this won already shyt
(24:42 / Allies) BoardsOfCanada: go cry orange lmfaop
(24:49 / Allies) GoId.: GO LOSE, BITCH
(24:58 / Allies) BoardsOfCanada: i really dont care
(25:02 / Allies) GoId.: Then leave
(25:03 / Allies) GoId.: out
(25:20 / Allies) DatStankZ: thats homo orange
(25:29 / Allies) DatStankZ: but its iight
(27:04 / All) AlleyOop: hehe
(27:13 / All) GoId.: This is what you get for stealing my salve yellow
(27:23 / All) wasupretarded: lol new aka i dont care
(27:31 / All) GoId.: out
(27:41 / All) GoId.: what you noobs get for taking my salve of healing
(27:47 / All) wasupretarded: ok tard
(27:49 / Allies) DatStankZ: ...
(27:52 / All) wasupretarded: i dont care
(27:56 / Allies) GoId.: He took my salve of healing, red
(27:59 / Allies) GoId.: Without my permission
(28:00 / Allies) GoId.: He must pay
(28:02 / All) wasupretarded: juste playin after 6 years with noew aka
(28:05 / All) wasupretarded: lol
(28:08 / Allies) DatStankZ: u nerdier than teal i guess
(28:09 / All) wasupretarded: hoo nooo!
(28:15 / All) GoId.: yeah I bet you go through a lot of them yellow
(28:25 / All) AlleyOop: I thought my team would be a big problem
(28:28 / All) wasupretarded: 1 slave charge lol
(28:31 / All) wasupretarded: get a lif
(28:40 / All) GoId.: LOL
(28:41 / All) AlleyOop: they were retarded pussies
(28:50 / All) GoId.: Thoughtr my team would be a challenge
(28:54 / All) GoId.: they put up no fight at all
(29:03 / All) GoId.: don't think they attacked me for the whole length of my tk
(29:06 / All) GoId.: Who loses?
(29:11 / All) GoId.: pulpy cum is on your team lawl
(29:12 / All) GoId.: from last game
(29:36 / All) GoId.: do you care who loses
(29:47 / All) AlleyOop: I think my team should lose
(29:49 / All) GoId.: k
(29:51 / All) AlleyOop: green and blue
(29:54 / All) AlleyOop: for being retarded pussies